 Dungeon Crawl Stone Soup version 0.16-a0-3483-g6616b5b (webtiles) character file.

323 NewYearsCrawler the Grappler (level 6, -12/51 HPs)
             Began as a Ghoul Monk on Jan 4, 2015.
             Mangled by Sigmund
             ... wielding a +0 scythe
              (13 damage)
             ... on level 4 of the Dungeon.
             The game lasted 00:03:10 (2663 turns).

NewYearsCrawler the Grappler (Ghoul Monk)           Turns: 2663, Time: 00:03:10

Health: -12/51     AC:  3    Str: 17    XL:     6   Next: 47%
Magic:  5/5        EV: 16    Int:  5    God:
Gold:   102        SH:  0    Dex: 11    Spells: 0 memorised, 5 levels left

rFire  . . .     SeeInvis .       - Unarmed
rCold  + . .     Clarity  .     a - +0 robe
rNeg   + + +     SustAb   .     (no shield)
rPois  ∞         Gourm    .     (no helmet)
rElec  .         Spirit   .     (no cloak)
rCorr  .         Warding  +     s - +0 pair of gloves
rMut   .         Stasis   .     (no boots)
MR     .....                    f - amulet of warding (curse)
Stlth  ++........               (no ring)
                                e - +4 ring of evasion (curse)

@: rotting, not resistant to hostile enchantments, unstealthy
A: rotting body, claws 1, carnivore 3, cold resistance 1, negative energy
resistance 3, poison resistance, slow healing 1, torment resistance, unbreathing
a: no special abilities


You were on level 4 of the Dungeon.
You were not hungry.

You visited 1 branch of the dungeon, and saw 4 of its levels.

You collected 102 gold pieces.

Inventory:

Missiles
 m - 7 javelins (quivered)
Armour
 a - a +0 robe (worn)
 s - a +0 pair of gloves (worn)
Jewellery
 e - a cursed +4 ring of evasion (left hand)
 f - a cursed amulet of warding (around neck)
Scrolls
 c - a scroll of magic mapping {unknown}
 g - a scroll of amnesia {unknown}
 i - 4 scrolls of identify {unknown}
 l - 4 scrolls of teleportation {unknown}
 r - a scroll of noise {unknown}
Potions
 b - 2 potions of restore abilities {unknown}
 d - a potion of haste {unknown}
 h - 3 potions of curing {unknown}
 j - 2 potions of flight {unknown}
 k - 2 potions of degeneration {unknown}
 p - 2 potions of brilliance {unknown}
 t - a potion of heal wounds {unknown}
Comestibles
 n - a meat ration
 o - 2 beef jerkies
 q - 4 chunks of flesh


   Skills:
 - Level 3.2 Fighting
 - Level 2.6 Dodging
 - Level 2.1 Stealth
 * Level 8.3 Unarmed Combat


You had 5 spell levels left.
You didn't know any spells.

Dungeon Overview and Level Annotations

Branches:
Dungeon (4/15)
 Temple: D:4-7

Altars:

Annotations:
D:4 Sigmund


Innate Abilities, Weirdness & Mutations

Your body is rotting away.
You thrive on raw meat.
You have sharp fingernails.
You are carnivorous and can eat meat at any time.
Your flesh is cold resistant.
You are immune to negative energy.
Your system is resistant to poisons.
You heal slowly when monsters are visible.
You are immune to unholy pain and torment.
You can survive without breathing.


Message History

You are confused.
There isn't anything here!
There isn't anything here!
Something hits you!
You see here a bat corpse.
You butcher the bat corpse.
You see here a chunk of flesh.
Something hits you!
You are too confused!
You are too confused!
The magic dart hits you!
You bump into the rock wall.
Something hits you.
* * * LOW HITPOINT WARNING * * *
You feel less confused. Something hits you!
* * * LOW HITPOINT WARNING * * *
You see here a chunk of flesh.
You punch something! Something hits you!
You die...

. ..#$###
..##.#.#..
#.....#.#.#
#.....#.#.#
#....(#.#.#
#.#.....#.#.#
........#.#.#######
#..#...%..........
.
.#.....#@#.#######
#.#.#(#####.#.#
#..... ..#.# #....#
####.# #. #....#
#.# ..# #....# #.#
..# #....# #.# ..#
#....# #.# ..#
#....# #.#


There were no monsters in sight!

Vanquished Creatures
  Menkaure (D:4)
  The ghost of NewYearsCrawler the Shield-Bearer, a weakling FoFi (D:3)
  An orc wizard (D:4)
  7 adders
  3 worms
  2 giant geckos
  An ooze (D:1)
  6 orcs
  6 bats
  2 giant cockroaches
  8 goblins
  5 hobgoblins
  6 jackals
  A ball python (D:3)
  4 giant newts
  4 kobolds
  A quokka (D:2)
  7 rats
66 creatures vanquished.

Notes
Turn   | Place    | Note
--------------------------------------------------------------
     0 | D:1      | NewYearsCrawler, the Ghoul Monk, began the quest for the Orb.
     0 | D:1      | Reached XP level 1. HP: 19/19 MP: 1/1
     0 | D:1      | Noticed a gargoyle
     0 | D:1      | Noticed a centaur
     1 | D:1      | Noticed a felid
     5 | D:1      | Noticed a spriggan
     6 | D:1      | Noticed a human
     7 | D:1      | Noticed a draconian
    12 | D:1      | Noticed a centaur
    12 | D:1      | Noticed a minotaur
    13 | D:1      | Noticed an octopode
    14 | D:1      | Noticed a felid
    14 | D:1      | Noticed a gargoyle
    16 | D:1      | Noticed a minotaur
    16 | D:1      | Noticed an ogre
   263 | D:1      | Reached XP level 2. HP: 26/26 MP: 2/2
   367 | D:1      | Reached skill level 5 in Unarmed Combat
   540 | D:2      | Reached XP level 3. HP: 29/31 MP: 3/3
   767 | D:2      | Reached skill level 6 in Unarmed Combat
   767 | D:2      | Reached XP level 4. HP: 33/38 MP: 3/3
  1302 | D:3      | Noticed NewYearsCrawler's ghost (weakling FoFi)
  1321 | D:3      | Killed NewYearsCrawler's ghost
  1321 | D:3      | Reached XP level 5. HP: 15/45 MP: 4/4
  1605 | D:3      | Reached skill level 7 in Unarmed Combat
  2441 | D:4      | Noticed Menkaure
  2462 | D:4      | Killed Menkaure
  2462 | D:4      | Reached skill level 8 in Unarmed Combat
  2462 | D:4      | Reached XP level 6. HP: 5/51 MP: 5/5
  2641 | D:4      | Noticed Sigmund
  2661 | D:4      | HP: 1/51 [something (11)]
  2663 | D:4      | Mangled by Sigmund

Action                   |  1- 3 |  4- 6 || total
-------------------------+-------+-------++-------
Melee: Unarmed           |    83 |   149 ||   232
 Stab: Sleeping          |     2 |     3 ||     5
  Eat: Chunk             |     8 |    20 ||    28
